 Dungeon Crawl Stone Soup version 0.28-a0-1524-ge72afd5fc6 (webtiles) character file.

Game seed: 1263723195513786028

1 psuckher the Sneak (level 1, 0/18 HPs)
             Began as a Barachi Delver on Jan 17, 2022.
             Succumbed to an adder's poison
             ... on level 4 of the Dungeon.
             The game lasted 00:00:58 (108 turns).

psuckher the Sneak (Barachi Delver)                  Turns: 108, Time: 00:00:58

Health: 0/18       AC:  3    Str: 13    XL:     1   Next: 20%
Magic:  1/1        EV: 12    Int: 10    God:
Gold:   0          SH:  0    Dex: 13    Spells: 0/0 levels left

rFire   . . .      SeeInvis .   a - +0 short sword
rCold   . . .      Faith    .   (no shield)
rNeg    . . .      Spirit   .   b - +0 leather armour
rPois   .          Reflect  .   (no helmet)
rElec   .          Harm     .   (no cloak)
rCorr   .          Rampage  .   (no gloves)
Will    .....                   (no boots)
Stlth   ++........              (no amulet)
HPRegen 0.06/turn               (no ring)
MPRegen 0.07/turn               (no ring)

@: lethally poisoned (0 -> -5), slow
A: amphibious, slowness 1, strong legs 1, +LOS
a: Hop


You were on level 4 of the Dungeon.
You visited 1 branch of the dungeon, and saw 2 of its levels.

Inventory:

Hand Weapons
 a - a +0 short sword (weapon)
Armour
 b - a +0 leather armour (worn)
Wands
 g - a wand of digging (3)
Scrolls
 c - a scroll of fog
Potions
 f - a potion of haste


   Skills:
 + Level 3.6 Fighting
 + Level 2.2 Short Blades
 + Level 2.2 Dodging
 + Level 4.5 Stealth


You couldn't memorise any spells.
You didn't know any spells.
Your spell library was empty.

Dungeon Overview and Level Annotations

Branches:
Dungeon (5/15)
 Temple: D:4-7

Altars:

Shops:
D:5 *


Innate Abilities, Weirdness & Mutations

You are amphibious.
You cover ground slowly.
You can hop short distances.
You have an extended range of vision and can be seen from far away.


Message History

You hit the plant.
The plant is lightly damaged.
You hit the plant.
The plant is lightly damaged.
The adder hisses angrily.
You hit the plant.
The plant is lightly damaged.
A nearby plant withers and dies.
The adder closely misses you.
You hit the plant but do no damage. The adder bites you.
You hit the adder.
The adder is moderately wounded.
The adder closely misses you.
You hear a splashing noise.
You hit the adder but do no damage.
The adder is moderately wounded.
The adder bites you.
You are poisoned.
The adder poisons you! The adder closely misses you.
You hit the adder but do no damage.
The adder is moderately wounded.
You feel sick. The adder bites you.
You are lethally poisoned!
The adder poisons you!
You closely miss the adder.
The adder is moderately wounded.
You feel sick. The adder barely misses you.
You closely miss the adder.
The adder is moderately wounded.
* * * LOW HITPOINT WARNING * * *
You feel sick. The adder bites you.
* * * LOW HITPOINT WARNING * * *
You hear a splashing noise.
You closely miss the adder.
The adder is moderately wounded.
* * * LOW HITPOINT WARNING * * *
You feel sick. The adder closely misses you. The adder misses you.
As you read the scroll of fear, it crumbles to dust.
You assume a fearsome visage.
The adder looks frightened!
You die...

*,***** *****,***** *,,,,,,,,,*
## ***,***,***,* .# *,,,,,,,,,,,,
.# #########,*,,,,,,,,,* .#
####.......#.#***,,,**** >#
#PPP≈PPP≈....# *,,,,,* .#
#.≈≈♣P≈@P≈≈P.#***,,,** .#
#..≈≈≈♣≈S≈≈PPPP#**,** .#
##≈≈≈≈P≈♣♣≈≈PP.P**,* .##
#.###PPP≈≈♣♣≈PP≈*,* .)# ##.#
##PPP♣≈≈≈≈P≈*+** #.## #..#
#P.PP♣*≈≈≈≈,,,** ...#######.##
*##≈P♣≈♣*≈≈≈,,,,**
.#.........#***≈≈PP♣≈r≈≈≈,,,,,,**
.#...#.#####.P≈≈≈≈♣≈≈≈P≈,,,,,,,,*


You could see an adder (fleeing).

Vanquished Creatures
  A hobgoblin (D:4)
1 creature vanquished.

Vanquished Creatures (others)
  2 plants (D:4)
2 creatures vanquished.

Grand Total: 3 creatures vanquished

Notes
Turn   | Place    | Note
-------+----------+-------------------------------------------
     0 | D:5      | psuckher the Barachi Delver began the quest for the Orb.
     0 | D:5      | Reached XP level 1. HP: 18/18 MP: 1/1
    43 | D:5      | Noticed an ice beast
   108 | D:4      | Succumbed to an adder's poison

Illustrated notes

Levels and vault maps discovered:
D:4:      layout_loops_corners, zin_statuary, serial_bayou_lagoon_a
D:5:      layout_rooms, mainiacjoe_overflow_cross_hatched,
          grunt_qazlal_sundering, minmay_temple_entry_waves, glass_columns_c,
          nicolae_elemental_shop, uniq_sigmund, uniq_ijyb, uniq_menkaure

Action                   || total
-------------------------++-------
Melee: Short sword       ||    13
       Punch             ||     1
  Use: Scroll            ||     2
Dodge: Dodged            ||     7

Table legend: (Time is in decaauts)
 A = Elapsed time spent in this place.
 B = Non-inter-level travel time spent in this place.
 C = Inter-level travel time spent in this place.
 D = Time resting spent in this place.
 E = Time spent auto-exploring this place.
 F = Levels seen in this place.
 G = Mean time per level.
                   A        B        C        D        E       F      G
               +--------+--------+--------+--------+--------+-----+--------+
         Total |    126 |     88 |     38 |      0 |      0 |   2 |   63.0 |
       Dungeon |    126 |     88 |     38 |      0 |      0 |   2 |   63.0 |
               +--------+--------+--------+--------+--------+-----+--------+

Top non-repeatable levels by time:
     D:5: 69 daAuts
     D:4: 56 daAuts
